Map: [ESL] Hard Lead

Players

Cyan - Winner!

  • Race: Protoss Protoss
  • Spawn Location: 11:00

GogojOey

  • Race: Zerg Zerg
  • Spawn Location: 5:00

Event: ESL SC2 Masters 2023 Winter (Regional)

VOD

Have the link to the VOD?

Description

Time

  • Played on: Nov. 4, 2023, 7:09 a.m.
  • Length: 8:48

All games in this series

Show
View Real Time Build Order
Export as new Build Order

Cyan Protoss - Winner!

Build Orders: 1 Gate Expand, Chargelot Immortal 

Get SALT Encoding   

  12  0:00  Probe  
  13  0:14  Pylon  
  13  0:17  Probe (Chrono Boost)  
  14  0:27  Probe (Chrono Boost)  
  15  0:32  Probe (Chrono Boost)  
  16  0:39  Gateway  
  16  0:43  Probe  
  16  0:49  Assimilator  
  17  0:55  Probe  
  18  1:08  Probe  
  19  1:20  Probe  
  20  1:26  Cybernetics Core  
  20  1:35  Nexus  
  20  1:39  Probe  
  21  1:47  Pylon  
  21  1:52  Probe  
  22  1:58  Assimilator  
  22  2:02  Warp Gate (Chrono Boost)  
  22  2:03  Stalker (Chrono Boost)  
  24  2:09  Probe  
  24  2:21  Probe  
  25  2:26  Adept (Chrono Boost)  
  25  2:27  Pylon  
  27  2:34  Probe  
  28  2:46  Probe  
  28  2:48  Adept, Probe  
  32  2:57  Gateway  
  33  3:00  Probe  
  33  3:01  Gateway  
  33  3:04  Probe  
  34  3:12  Probe (Chrono Boost)  
  35  3:18  Adept  
  38  3:21  Probe (Chrono Boost)  
  38  3:24  Twilight Council, Probe (Chrono Boost)  
  39  3:29  Probe (Chrono Boost)  
  39  3:30  Probe (Chrono Boost)  
  39  3:34  Pylon  
  41  3:39  Probe  
  42  3:42  Probe  
  43  3:51  Probe  
  43  3:52  Adept  
  43  3:54  Probe  
  47  3:56  Adept x2  
  47  3:59  Resonating Glaives (Chrono Boost)  
  51  4:03  Probe  
  51  4:07  Probe  
  53  4:10  Pylon  
  53  4:15  Probe  
  54  4:17  Adept  
  54  4:18  Adept x2  
  60  4:24  Robotics Facility  
  60  4:25  Probe  
  60  4:30  Probe  
  62  4:31  Assimilator  
  62  4:33  Pylon  
  62  4:37  Probe  
  63  4:42  Probe  
  62  4:49  Nexus  
  60  4:56  Shield Battery  
  60  4:58  Pylon  
  46  5:01  Adept x3  
  52  5:07  Gateway  
  52  5:10  Probe  
  52  5:13  Observer (Chrono Boost)  
  54  5:22  Shield Battery  
  54  5:23  Adept x3  
  60  5:29  Shield Battery  
  60  5:34  Probe  
  58  5:35  Immortal  
  58  5:40  Gateway  
  58  5:44  Adept x2  
  58  5:48  Adept  
  64  5:51  Probe x2  
  66  6:02  Adept  
  66  6:03  Gateway, Probe  
  69  6:05  Adept  
  69  6:06  Adept  
  73  6:17  Immortal  
  77  6:19  Adept  
  80  6:25  Probe x2  
  80  6:26  Probe  
  80  6:27  Charge (Chrono Boost)  
  80  6:37  Probe  
  80  6:38  Probe x2  
  80  6:39  Gateway  
  83  6:42  Gateway  
  83  6:45  Sentry x2, Zealot x2  
  91  6:49  Probe  
  91  6:50  Probe  
  91  6:51  Probe  
  94  7:00  Immortal (Chrono Boost)  
  92  7:02  Probe  
  91  7:12  Adept x4  
  93  7:17  Probe  
  90  7:24  Pylon  
  90  7:25  Pylon  
  90  7:26  Assimilator  
  90  7:28  Pylon  
  90  7:31  Warp Prism (Chrono Boost)  
  90  7:32  Probe  
  90  7:35  Zealot x4  
  101  7:37  Pylon  
  101  7:39  Pylon  
  101  7:45  Sentry  
  101  7:46  Sentry, Zealot x2  
  109  7:54  Forge  
  109  7:56  Zealot x2  
  113  7:59  Zealot x2, Templar Archives  
  113  8:05  Immortal  
  119  8:24  Zealot x3  
  119  8:25  Zealot x5  
  129  8:33  Probe  
  112  8:45  Zealot x4  
Show
View Real Time Build Order
Export as new Build Order

GogojOey Zerg 

Build Orders: Pool First 

Get SALT Encoding   

  12  0:00  Drone  
  13  0:12  Overlord  
  13  0:17  Drone  
  14  0:30  Drone x2  
  16  0:41  Spawning Pool  
  15  0:44  Drone  
  15  0:47  Drone  
  17  1:08  Hatchery  
  17  1:11  Drone  
  17  1:24  Extractor  
  17  1:25  Drone  
  17  1:28  Zergling x4  
  17  1:32  Queen  
  21  1:39  Overlord  
  21  1:50  Drone  
  22  2:00  Drone  
  23  2:07  Queen  
  25  2:13  Drone  
  26  2:24  Drone x2  
  26  2:29  Hatchery  
  27  2:32  Queen  
  27  2:36  Drone  
  30  2:38  Drone  
  30  2:44  Drone  
  32  2:46  Overlord  
  32  2:50  Drone  
  33  2:54  Overlord  
  33  3:04  Queen  
  35  3:07  Drone  
  36  3:12  Queen  
  36  3:14  Drone  
  36  3:16  Drone x2  
  41  3:27  Overlord  
  41  3:29  Drone x3  
  44  3:36  Metabolic Boost  
  44  3:40  Drone  
  44  3:41  Drone x3  
  48  3:45  Queen  
  50  3:48  Drone x2  
  50  3:55  Spore Crawler  
  51  3:57  Overlord  
  51  3:58  Zergling x4  
  51  4:00  Drone  
  54  4:04  Drone  
  54  4:05  Drone  
  54  4:08  Drone x2  
  58  4:14  Overlord  
  58  4:15  Spore Crawler  
  57  4:20  Zergling x10  
  62  4:26  Zergling x2  
  62  4:27  Zergling x6  
  62  4:31  Zergling x4  
  63  4:42  Roach Warren  
  62  4:52  Zergling x14  
  65  4:55  Drone  
  65  4:56  Drone x6  
  67  5:02  Drone, Lair  
  68  5:07  Drone x2  
  68  5:11  Overlord  
  68  5:12  Overlord  
  70  5:15  Drone x2  
  70  5:22  Drone, Overlord  
  70  5:25  Drone  
  71  5:30  Drone x3  
  71  5:33  Drone x2  
  74  5:37  Drone  
  74  5:40  Evolution Chamber  
  75  5:42  Drone  
  75  5:43  Drone x4, Extractor x3  
  74  6:00  Roach x6  
  86  6:06  Zergling x4  
  86  6:07  Glial Reconstitution  
  87  6:14  Zergling x12, Roach  
  94  6:24  Drone  
  94  6:25  Drone x3  
  98  6:26  Zerg Missile Weapons Level 1  
  94  6:33  Drone, Overlord x2  
  94  6:36  Drone x2  
  95  6:41  Overlord  
  95  6:42  Drone x2, Overseer  
  97  6:51  Overlord  
  94  6:56  Drone x9  
  93  7:12  Drone x4  
  92  7:18  Drone x6  
  96  7:32  Extractor, Roach x5  
  96  7:33  Hatchery  
  104  7:38  Overlord  
  104  7:41  Roach x4  
  104  7:42  Hydralisk Den  
  111  7:46  Extractor  
  111  7:51  Drone  
  111  7:54  Drone  
  111  7:56  Drone x2  
  111  7:57  Drone x3  
  117  8:04  Drone  
  117  8:09  Roach  
  117  8:10  Roach x6  
  129  8:15  Ravager x2  
  129  8:16  Ravager  
  129  8:17  Roach x2  
  136  8:26  Roach x4  
Tags
 
Add a new tag
Caveats
  • Supply blocks, unpowered buildings, or Contaminate may cause inaccurate times.
  • Supply counts are checked every 10 seconds.